 Dungeon Crawl Stone Soup version 0.30.1 (webtiles) character file.

Game seed: 6951865783467687353

22316 Arctor the Transmogrifier (level 12, -4/98 HPs)
             Began as an Octopode Transmuter on July 9, 2023.
             Was a Priest of Sif Muna.
             Slain by a minotaur
             ... wielding a +0 quarterstaff
              (20 damage)
             ... in a Gauntlet.
             The game lasted 00:30:02 (13923 turns).

Arctor the Transmogrifier (Octopode Transmuter)    Turns: 13923, Time: 00:30:02

Health: -4/98      AC: 22    Str:  8    XL:     12   Next: 99%
Magic:  16/16      EV: 34    Int: 26    God:    Sif Muna [***...]
Gold:   485        SH:  0    Dex: 17    Spells: 18/25 levels left

rFire   x .          .
                       - Unarmed
rCold   + + +        x - melded orb {*channel}
rNeg    . . .        (helmet currently unavailable)
rPois   +            g - amulet of the acrobat
rElec   +            j - ring of the Frog {Int+6 Dex+4}
rCorr   +            l - +5 ring of evasion
SInv    +            I - +4 ring of protection
Will    ++...        h - ring "Gafem" {rElec Will++ rCorr Str-2 SInv}
Stlth   ++++         K - ring "Saledihext" {Wiz rPois Will- Str+5}
HPRegen 0.36/turn    z - ring of willpower
MPRegen 0.15/turn    G - +4 ring of protection
                     k - +4 ring of protection

%: no teleportation, acrobat, wizardry (x1)
@: ice-form, acrobatic, studying Polearms, unable to drink
A: freezing attack, boosted hp, almost no armour, amphibious, 8 rings, large,
(camouflage 1), (gelatinous body 1), (nimble swimmer 1), (tentacles), screaming
1, (teleportitis 1), inability to read after injury 1, [low MP 3], [weak 2],
[subdued magic 1], [inability to drink after injury 1]
a: End Transformation, Renounce Religion, Channel Magic, Forget Spell


You were in a Gauntlet.
You worshipped Sif Muna.
Sif Muna was most pleased with you.
You were a creature of crystalline ice.
You visited 4 branches of the dungeon, and saw 13 of its levels.
You also visited: Bailey and Gauntlet.

You collected 1055 gold pieces.
You spent 570 gold pieces at shops.

Inventory:

Hand Weapons
 F - the +9 sword of Zonguldrok {reap}
   (You took it off a gnoll sergeant in a bailey)
Missiles
 E - 6 throwing nets
Armour
 x - an orb of energy (melded)
Magical Staves
 d - a staff of fire
 e - a staff of earth
 H - a staff of poison
Jewellery
 g - an amulet of the acrobat (around neck)
 h - the ring "Gafem" (on tentacle) {rElec Will++ rCorr Str-2 SInv}
   (You acquired it on level 3 of the Dungeon)

   [ring of see invisible]

   Str:       It affects your strength (-2).
   rElec:     It insulates you from electricity.
   SInv:      It lets you see invisible.
   rCorr:     It protects you from acid and corrosion.
   Will:      It greatly increases your willpower.
 i - a ring of ice
 j - the ring of the Frog (left front paw) {Int+6 Dex+4}
   (You found it on level 2 of the Dungeon)

   [ring of intelligence]

   Int:       It affects your intelligence (+6).
   Dex:       It affects your dexterity (+4).
 k - a +4 ring of protection (on tentacle)
 l - a +5 ring of evasion (right front paw)
 p - a ring of protection from fire
 y - a ring of see invisible
 z - a ring of willpower (on tentacle)
 G - a +4 ring of protection (on tentacle)
 I - a +4 ring of protection (on tentacle)
 J - a ring of magical power
 K - the ring "Saledihext" (on tentacle) {Wiz rPois Will- Str+5}
   (You bought it in a shop on level 4 of the Dungeon)

   [ring of wizardry]

   It improves your spell success rate.
   Str:       It affects your strength (+5).
   rPois:     It protects you from poison.
   Will:      It decreases your willpower.
Wands
 B - a wand of charming (6)
 C - a wand of iceblast (26)
Scrolls
 b - 3 scrolls of teleportation
 c - 2 scrolls of magic mapping
 f - 5 scrolls of noise
 r - 3 scrolls of fear
 s - a scroll of blinking
 t - a scroll of enchant armour
 u - 2 scrolls of poison
 A - a scroll of vulnerability {unknown}
 L - a scroll of summoning {unknown}
Potions
 a - a potion of lignification
 m - 2 potions of cancellation
 n - 2 potions of flight
 o - 4 potions of curing
 q - 2 potions of haste
 v - a potion of ambrosia
 w - a potion of brilliance
 D - a potion of invisibility


   Skills:
 + Level 7.8 Fighting
 + Level 8.4 Dodging
 + Level 8.3 Stealth
 + Level 8.7 Unarmed Combat
 + Level 7.4 Spellcasting
 + Level 10.0 Transmutations
 - Level 9.2 Ice Magic


You had 18 spell levels left.
You knew the following spells:

 Your Spells              Type           Power      Damage    Failure   Level
a - Beastly Appendage     Tmut           94%        N/A       1%          1
b - Ice Form              Ice/Tmut       45%        N/A       1%          4
c - Ensorcelled Hibernat  Hex/Ice        50%        N/A       1%          2

Your spell library contained the following spells:

 Spells                   Type           Power      Damage    Failure   Level
 Sandblast                Erth           14%        2d6       1%          1
 Passwall                 Tmut/Erth      22%        N/A       1%          2
 Wereblood                Tmut           47%        N/A       1%          2
 Spider Form              Tmut/Pois      27%        N/A       1%          3
 Call Canine Familiar     Summ           7%         N/A       6%          3
 Portal Projectile        Hex/Tloc       14%        N/A       6%          3
 Stone Arrow              Conj/Erth      14%        3d7       6%          3
 Swiftness                Air            7%         N/A       6%          3
 Animate Dead             Necr           7%         N/A       21%         4
 Leda's Liquefaction      Hex/Erth       3%         N/A       21%         4
 Borgnjor's Vile Clutch   Necr/Erth      3%         N/A       50%         5
 Summon Forest            Summ/Tloc      3%         N/A       50%         5
 Summon Mana Viper        Hex/Summ       7%         N/A       50%         5
 Death Channel            Necr           3%         N/A       96%         6
 Summon Cactus Giant      Summ           3%         N/A       96%         6


Dungeon Overview and Level Annotations

Branches:
Dungeon (9/15)             Temple (1/1) D:6            Lair (1/5) D:9
    Orc (2/2) D:9             Elf (0/3) Orc:2        Bailey (visited)
Gauntlet (1/1)

Altars:
Ashenzari
Cheibriados
Dithmenos
Elyvilon
Fedhas
Gozag
Hepliaklqana
Kikubaaqudgha
Makhleb
Nemelex Xobeh
Okawaru
Qazlal
Ru
Sif Muna
Trog
Uskayaw
Vehumet
Wu Jian
Xom
Yredelemnul
Zin
The Shining One

Shops:
D:4 *   D:7 :*?   D:8 *

Portals:
Abyss: Orc:2

Annotations:
Orc:2 1 transporter, LynnLen's ghost, journeyman SpEn Gauntlet 8 transporters, exclusion: 2 lightning spires


Innate Abilities, Weirdness & Mutations

You are a creature of crystalline ice.
You have a powerful freezing melee attack.
Your maximum health is increased.
Your armour is entirely melded.
You are incapable of wielding weapons or throwing items.
You cannot wear most types of armour.
You are amphibious.
You can wear up to eight rings at the same time.
((Your skin changes colour to match your surroundings (Stealth+).))
((Your rubbery body absorbs attacks. (AC +1, EV +1)))
((You are camouflaged when in or above water. (Stealth+)))
((You have tentacles for arms and can constrict up to eight enemies at once.))
You occasionally shout uncontrollably at your foes.
((You are occasionally teleported next to monsters.))
You occasionally lose the ability to read scrolls when taking damage.
[Your magical capacity is extremely low. (-30% MP)]
[You are very weak. (Str -4)]
[Your spells are a little easier to cast, but a little less powerful.]
[You occasionally lose the ability to drink potions when taking damage.]


Message History

The minotaur zombie is moderately damaged.
You punch the minotaur zombie! You freeze the minotaur zombie.
The minotaur zombie is moderately damaged.
The minotaur zombie hits you but does no damage.
The minotaur zombie barely misses you.
You punch the minotaur zombie!
The minotaur zombie is heavily damaged.
You feel yourself slow down.
You punch the minotaur zombie!
The minotaur zombie is heavily damaged.
The minotaur zombie hits you. The minotaur zombie misses you.
You punch the minotaur zombie!
The minotaur zombie is severely damaged.
The minotaur zombie barely misses you. The minotaur zombie closely misses you.
You hit the minotaur zombie but do no damage.
The minotaur zombie is severely damaged.
The minotaur zombie hits you!
* * * LOW HITPOINT WARNING * * *
The minotaur zombie gores you but does no damage.
You hit the minotaur zombie but do no damage.
The minotaur zombie is severely damaged.
The minotaur hits you with a +0 quarterstaff.
* * * LOW HITPOINT WARNING * * *
The minotaur gores you.
* * * LOW HITPOINT WARNING * * *
The minotaur zombie completely misses you.
The minotaur zombie closely misses you.
There is a fountain of sparkling water here.
You open the door. The minotaur closely misses you.
The minotaur gores you but does no damage.
The minotaur zombie hits you.
* * * LOW HITPOINT WARNING * * *
The minotaur zombie completely misses you.
Found a giant spiked club.
The minotaur attacks as you move away! The minotaur barely misses you. x2
There is an open door here.
The minotaur attacks as you move away!
The minotaur hits you with a +0 quarterstaff!!
You feel threatened and lose the ability to drink potions!
You die...

### #)# ###Y##
###..H.#
#.'⌠Z..###
###...⌠'.#
#.∩..### ###.##
#######'#######
#.............#
#.###.###.###.#


You could see a minotaur and a minotaur zombie.

Vanquished Creatures
  A centaur warrior (D:9)
  A hell beast (Gauntlet)
  2 ogre magi (Orc:2)
  Erolcha (D:9)
  10 two-headed ogres
  A wretched star (Gauntlet)
  The ghost of alvan145 the Cleaver, a novice MiFi of Ashenzari (D:6)
  Maurice (D:8)
  2 cane toads (Lair:1)
  Maggie (D:7)
  4 trolls
  A meliai (D:9)
  Prince Ribbit (D:5)
  A basilisk (D:9)
  A wyvern (D:9)
  3 yaks (D:9)
  2 neqoxecs (Gauntlet)
  2 steam dragons
  Grum (Bailey)
  4 wargs
  A hell hound (Gauntlet)
  A water moccasin (Lair:1)
  4 acid dragons
  A small abomination (Gauntlet)
  2 sky beasts (D:7)
  2 black bears
  7 orc warriors
  3 ice beasts
  10 ogres
  8 wolves
  The ghost of Arctor the Insei, an amateur OpTm (D:3)
  A centaur (D:7)
  3 kobold brigands
  7 bullfrogs
  10 gnoll sergeants
  3 scorpions
  22 wights
  2 electric eels (D:8)
  4 howler monkeys
  8 hounds
  15 orc priests
  8 gnoll boudas
  7 iguanas
  Jessica (D:2)
  6 orc wizards
  A sleepcap (D:8)
  Natasha (thrice) (D:3)
  37 gnolls
  9 adders
  A shadow imp (D:6)
  An ufetubus (D:5)
  4 dart slugs
  40 orcs
  7 ball pythons
  3 endoplasms
  A giant cockroach (D:3)
  9 goblins
  4 hobgoblins
  7 jackals
  16 kobolds
  2 quokkas
  5 bats
  A frilled lizard (D:1)
  8 rats
337 creatures vanquished.

Vanquished Creatures (others)
  An orc (D:9)
  A kobold (D:6)
2 creatures vanquished.

Grand Total: 339 creatures vanquished

Notes
Turn   | Place    | Note
-------+----------+-------------------------------------------
     0 | D:1      | Arctor the Octopode Transmuter began the quest for the Orb.
     0 | D:1      | Reached XP level 1. HP: 13/13 MP: 3/3
   106 | D:1      | Reached XP level 2. HP: 8/18 MP: 3/5
   412 | D:1      | Reached XP level 3. HP: 23/23 MP: 4/6
   876 | D:2      | Identified the ring of the Frog {Int+6 Dex+4}
  1317 | D:2      | Noticed Jessica
  1334 | D:2      | Killed Jessica
  1335 | D:2      | Reached XP level 4. HP: 29/29 MP: 7/7
  1344 | D:2      | Learned a level 4 spell: Ice Form
  1528 | D:3      | Noticed Arctor's ghost (amateur OpTm)
  1531 | D:3      | Found a runed translucent door.
  1532 | D:3      | Noticed Natasha
  1540 | D:3      | Killed Natasha
  1590 | D:3      | Found a faded altar of an unknown god.
  1693 | D:3      | Identified a scroll of acquirement
  1696 | D:3      | Acquired the ring "Gafem" {rElec Will++ rCorr Str-2 SInv}
  1976 | D:3      | Noticed a black bear
  1989 | D:3      | Killed a black bear
  1990 | D:3      | Reached skill level 3 in Transmutations
  1990 | D:3      | Reached skill level 1 in Ice Magic
  1990 | D:3      | Reached XP level 5. HP: 8/34 MP: 8/8
  2214 | D:3      | Noticed Natasha
  2221 | D:3      | Killed Natasha
  2222 | D:3      | Reached XP level 6. HP: 35/39 MP: 7/9
  2314 | D:3      | Noticed Natasha
  2325 | D:3      | Killed Natasha
  2529 | D:3      | Killed Arctor's ghost
  2711 | D:4      | Reached skill level 4 in Transmutations
  2977 | D:4      | Reached XP level 7. HP: 36/45 MP: 10/10
  3381 | D:4      | Found Kynuneac's General Store.
  3498 | D:5      | Entered Level 5 of the Dungeon
  3757 | D:5      | Reached XP level 8. HP: 43/51 MP: 5/12
  3821 | D:5      | Reached skill level 5 in Transmutations
  3823 | D:5      | Noticed Prince Ribbit
  3884 | D:5      | Killed Prince Ribbit
  4143 | D:5      | Found a stormy altar of Qazlal.
  4143 | D:5      | Found a white marble altar of Elyvilon.
  4287 | D:6      | Found a runed translucent door.
  4307 | D:6      | Noticed alvan145's ghost (novice MiFi)
  4429 | D:6      | Found a staircase to the Ecumenical Temple.
  4443 | Temple   | Entered the Ecumenical Temple
  4470 | D:6      | Learned a level 2 spell: Ensorcelled Hibernation
  4474 | D:6      | Reached skill level 5 in Unarmed Combat
  4491 | D:6      | Killed alvan145's ghost
  4492 | D:6      | Reached skill level 6 in Transmutations
  4492 | D:6      | Reached skill level 5 in Ice Magic
  4492 | D:6      | Reached XP level 9. HP: 49/58 MP: 7/14
  4663 | D:6      | Reached skill level 5 in Dodging
  5251 | D:7      | Found an ornate altar of the Wu Jian Council.
  5453 | D:7      | Noticed Maggie
  5462 | D:7      | Killed Maggie
  5463 | D:7      | Reached skill level 7 in Transmutations
  5759 | D:7      | Found a flagged portal.
  5774 | Bailey   | Entered a bailey
  5780 | Bailey   | Reached XP level 10. HP: 65/65 MP: 16/16
  6486 | Bailey   | Noticed Grum
  6788 | Bailey   | Killed Grum
  6789 | Bailey   | Reached skill level 5 in Fighting
  7174 | D:7      | Reached skill level 8 in Transmutations
  7492 | D:7      | Found Beptinypp's Assorted Antiques.
  7494 | D:7      | Found Minef's Magic Scroll Emporium.
  7494 | D:7      | Found Zoanuon's Book Emporium.
  7619 | D:7      | Reached skill level 5 in Spellcasting
  7878 | D:8      | Reached skill level 1 in Stealth
  8238 | D:8      | Noticed Maurice
  8259 | D:8      | Killed Maurice
  8427 | D:8      | Found Cohebb's Assorted Antiques.
  8531 | D:8      | Reached XP level 11. HP: 72/72 MP: 15/19
  8560 | D:8      | Found a shimmering blue altar of Sif Muna.
  8582 | D:8      | Became a worshipper of Sif Muna the Loreminder
  8785 | D:8      | Found a sparkling altar of Nemelex Xobeh.
  9375 | D:9      | Reached * piety under Sif Muna
  9511 | D:9      | Found a staircase to the Orcish Mines.
  9529 | D:9      | Noticed a two-headed ogre
  9559 | D:9      | Killed a two-headed ogre
  9568 | D:9      | HP: 3/86 [something (16)]
  9912 | D:9      | Found a staircase to the Lair.
 10130 | D:9      | Noticed Erolcha
 10137 | D:9      | Killed Erolcha
 10227 | D:9      | Noticed a centaur warrior
 10227 | D:9      | Noticed a deep elf pyromancer
 10227 | D:9      | Noticed a cyan ugly thing
 10542 | D:9      | HP: 1/86 [burnt (6)]
 10726 | D:9      | Reached skill level 5 in Stealth
 10737 | D:9      | Killed a centaur warrior
 10826 | Orc:1    | Entered Level 1 of the Orcish Mines
 11086 | D:4      | Bought the ring "Saledihext" {Wiz rPois Will- Str+5} for
                  | 570 gold pieces
 11210 | Orc:2    | Entered Level 2 of the Orcish Mines
 11236 | Orc:2    | Found a staircase to the Elven Halls.
 11305 | Orc:2    | Reached ** piety under Sif Muna
 11479 | Orc:2    | Reached skill level 9 in Transmutations
 11606 | Orc:2    | Noticed a worldbinder
 11611 | Orc:2    | Noticed an orc knight
 11614 | Orc:2    | Noticed a two-headed ogre
 11615 | Orc:2    | Noticed a two-headed ogre
 11616 | Orc:2    | Noticed a two-headed ogre
 11620 | Orc:2    | Noticed LynnLen's ghost (journeyman SpEn)
 11621 | Orc:2    | Noticed a worldbinder
 11622 | Orc:2    | Noticed a thrashing horror
 11875 | Orc:1    | Killed a two-headed ogre
 12069 | Orc:2    | Killed a two-headed ogre
 12070 | Orc:2    | Reached XP level 12. HP: 80/80 MP: 16/21
 12121 | Orc:2    | Noticed a two-headed ogre
 12130 | Orc:2    | Killed a two-headed ogre
 12230 | Orc:2    | Noticed a two-headed ogre
 12245 | Orc:2    | Noticed a two-headed ogre
 12275 | Orc:2    | Killed a two-headed ogre
 12379 | Orc:2    | Noticed a two-headed ogre
 12487 | Orc:2    | Killed a two-headed ogre
 12668 | Orc:2    | Noticed a two-headed ogre
 12670 | Orc:2    | Found a one-way gate to the infinite horrors of the Abyss.
 12673 | Orc:2    | Found a transporter.
 12682 | Orc:2    | Killed a two-headed ogre
 12696 | Orc:2    | Noticed a two-headed ogre
 12698 | Orc:2    | Noticed a two-headed ogre
 12703 | Orc:2    | Noticed an ogre mage
 12706 | Orc:2    | Killed a two-headed ogre
 12712 | Orc:2    | Killed an ogre mage
 12751 | Orc:2    | Noticed an ogre mage
 12757 | Orc:2    | Killed an ogre mage
 12785 | Orc:2    | Killed a two-headed ogre
 12881 | Orc:2    | Noticed a two-headed ogre
 12890 | Orc:2    | Reached *** piety under Sif Muna
 12893 | Orc:2    | Noticed a sun demon
 12904 | Orc:2    | Killed a two-headed ogre
 13172 | Lair:1   | Entered Level 1 of the Lair of Beasts
 13178 | Lair:1   | Found a gate leading to a gauntlet.
 13440 | Gauntlet | Entered a Gauntlet
 13440 | Gauntlet | Found a transporter.
 13455 | Gauntlet | Noticed a ghost crab
 13473 | Gauntlet | Found a transporter.
 13477 | Gauntlet | Noticed a ghost crab
 13488 | Gauntlet | Found a transporter.
 13492 | Gauntlet | Found a transporter.
 13504 | Gauntlet | Found a transporter.
 13522 | Gauntlet | Found a transporter.
 13525 | Gauntlet | Found a transporter.
 13529 | Gauntlet | Found a transporter.
 13552 | Gauntlet | Found a transporter.
 13555 | Gauntlet | Noticed a hell beast
 13556 | Gauntlet | Found a transporter.
 13560 | Gauntlet | Found a transporter.
 13560 | Gauntlet | Noticed a wretched star
 13564 | Gauntlet | Found a runed translucent door.
 13568 | Gauntlet | Found a transporter.
 13569 | Gauntlet | Found a runed translucent door.
 13602 | Gauntlet | Gained mutation: You are clumsy. (Dex -2) [a neqoxec]
 13607 | Gauntlet | Gained mutation: You occasionally shout uncontrollably at
                  | your foes. [a neqoxec]
 13608 | Gauntlet | Gained mutation: Your body sometimes deteriorates upon
                  | taking damage. [a neqoxec]
 13623 | Gauntlet | Killed a wretched star
 13630 | Gauntlet | Lost mutation: Your body sometimes deteriorates upon taking
                  | damage. [potion of mutation]
 13630 | Gauntlet | Lost mutation: You are clumsy. (Dex -2) [potion of
                  | mutation]
 13630 | Gauntlet | Gained mutation: You occasionally lose the ability to read
                  | scrolls when taking damage. [potion of mutation]
 13630 | Gauntlet | Gained mutation: You are occasionally teleported next to
                  | monsters. [potion of mutation]
 13717 | Gauntlet | Killed a hell beast
 13718 | Gauntlet | Reached skill level 10 in Transmutations
 13862 | Gauntlet | Identified the +2 plate armour "Ynaonnoy" {rF+}
 13862 | Gauntlet | Noticed a minotaur
 13923 | Gauntlet | Slain by a minotaur

Illustrated notes

Levels and vault maps discovered:
D:1:      roderic_crop_circles_arrival_large, layout_basic
D:2:      cheibrodos_helix_gallery, layout_loops_cross,
          kennysheep_generic_room_2, uniq_jessica
D:3:      layout_loops_ring, hellmonk_ghost_happy_afterlife,
          ebering_ecumenical_altar_abandoned, uniq_natasha
D:4:      layout_cave_pods, serial_shops, nicolae_shop_real_fake_doors
D:5:      minmay_diamond_boxcup, layout_rooms, gammafunk_temple_overflow_statue,
          uniq_prince_ribbit1
D:6:      layout_cave_pools, temple_green, ebering_ghost_sewer_d
D:7:      layout_gridville, mainiacjoe_overflow_boulevard, enter_bailey_3,
          nicolae_shop_distant_corner_stores, uniq_maggie
D:8:      layout_loops_ring, nemelex_diamond_rough_becter,
          nicolae_sif_muna_little_library, serial_shops,
          nicolae_shop_dealshenge, minivault_14, uniq_maurice
D:9:      minmay_shrinking_squares, layout_loops_ring,
          erik_lair_orcish_takeover, david_orc_2, due_unseen_surprise,
          uniq_erolcha
Temple:   sentei_temple_godly_chess
Lair:1:   layout_hall_layers, gauntlet_entry_generic
Orc:1:    layout_caves, nicolae_alphabet_shops
Orc:2:    st_orc_ogre_mass, layout_diamond_mine, gammafunk_ghost_abyssal_escape
Gauntlet: minmay_gauntlet_mixed_oops_all_seconds
          [minmay_gauntlet_arena_77_hold_the_fort,
          gammafunk_gauntlet_arena_teeth, minmay_gauntlet_arena_77_shame_cube,
          nicolae_gauntlet_arena_blocks, minmay_gauntlet_arena_77_mess,
          gammafunk_gauntlet_arena_split_diamond, gauntlet_exit_hidden_loot]

Skill      XL: |  1  2  3  4  5  6  7  8  9 10 11 12 |
---------------+-------------------------------------+-----
Fighting       | 2 3 4 5 6 7 |  7.8
Dodging        | 3 4 5 6 7 8 |  8.4
Transmutations | 3 4 6 7 8 9 10 | 10.0
Ice Magic      | 1 2 3 5 6 7 8 9 |  9.2
Unarmed Combat | 4 5 6 7 8 |  8.7
Spellcasting   | 3 4 5 6 7 |  7.4
Stealth        | 3 6 8 |  8.3

Action                     |  1- 3 |  4- 6 |  7- 9 | 10-12 || total
---------------------------+-------+-------+-------+-------++-------
  Melee: Unarmed           |    70 |    73 |   289 |   787 ||  1219
         Constrict         |    20 |    17 |     6 |       ||    43
         Kick              |    18 |    24 |     9 |       ||    51
         Tentacles         |    10 |    18 |     8 |       ||    36
         Punch             |     2 |     2 |     2 |       ||     6
   Cast: Beastly Appendage |    20 |    21 |     9 |     2 ||    52
         Ice Form          |       |     1 |    17 |    62 ||    80
    Use: Scroll            |       |     8 |     6 |     7 ||    21
         Potion            |       |       |     2 |     6 ||     8
   Stab: Sleeping          |     1 |     4 |     2 |     4 ||    11
 Armour: Skin              |     8 |     6 |    87 |   221 ||   322
  Dodge: Dodged            |    64 |    54 |   283 |   909 ||  1310
